 Dungeon Crawl Stone Soup version 0.20.0-10-g0535bb4 (webtiles) character file.

80888 Kriby the Severer (level 15, 0/144 HPs)
             Began as a Hill Orc Fighter on June 5, 2017.
             Was the Champion of Okawaru.
             Slain by a seven-headed hydra (5 damage)
             ... called by a spriggan druid
             ... on level 4 of the Swamp.
             The game lasted 00:33:47 (26707 turns).

Kriby the Severer (Hill Orc Fighter)               Turns: 26707, Time: 00:33:47

Health: 0/144      AC: 23    Str: 26    XL:     15   Next: 68%
Magic:  15/15      EV: 11    Int:  8    God:    Okawaru [******]
Gold:   904        SH: 18    Dex: 12    Spells: 14/14 levels left

rFire    . . .     SeeInvis .   E - +0 broad axe (drain)
rCold    . . .     Gourm    .   c - +0 shield
rNeg     . . .     Faith    .   F - +4 troll leather armour {Snorg}
rPois    +         Spirit   .   t - +0 helmet
rElec    .         Reflect  +   J - +0 cloak
rCorr    .         Harm     .   e - +1 pair of gloves
MR       .....                  o - +1 pair of boots {run}
Stlth    +.........             C - +4 amulet of reflection
Regen    0.8/turn               y - +4 ring of protection
MPRegen  0.2/turn               m - ring of poison resistance

@: about to teleport, vulnerable, very slightly contaminated, invisible, quick
A: agile 1, deterioration 1
a: Heroism, Finesse, Renounce Religion


You were on level 4 of the Swamp.
You worshipped Okawaru.
Okawaru was exalted by your worship.
You were not hungry.

You visited 4 branches of the dungeon, and saw 23 of its levels.

You collected 1610 gold pieces.
You spent 706 gold pieces at shops.

Inventory:

Hand Weapons
 E - a +0 broad axe of draining (weapon)
 P - a +0 morningstar of draining
Missiles
 K - 5 javelins of penetration (quivered)
Armour
 c - a +0 shield (worn)
 e - a +1 pair of gloves (worn)
 o - a +1 pair of boots of running (worn)
 t - a +0 helmet (worn)
 F - a +4 troll leather armour (worn) {Snorg}
 J - a +0 cloak (worn)
Jewellery
 b - an uncursed amulet of the gourmand
 d - an uncursed ring of see invisible
 j - an uncursed ring of protection from magic
 m - a ring of poison resistance (right hand)
 x - an uncursed ring of protection from cold
 y - a +4 ring of protection (left hand)
 C - a +4 amulet of reflection (around neck)
 H - a +6 ring of intelligence
 M - an uncursed ring of resist corrosion
 Z - a +4 ring of evasion
Wands
 i - a wand of digging (10/24)
 v - a wand of digging (14/24)
 I - a wand of acid (4/15)
 R - a wand of lightning (5/15)
 S - a wand of iceblast (3/15)
Scrolls
 h - 12 scrolls of remove curse
 l - 3 scrolls of identify
 r - 5 scrolls of teleportation
 s - 6 scrolls of amnesia
 L - 3 scrolls of enchant weapon
 N - 5 scrolls of magic mapping
 Q - 3 scrolls of fear
 Y - a scroll of fog
Potions
 n - 6 potions of brilliance
 p - 4 potions of lignification
 q - 3 potions of might
 u - 5 potions of haste
 w - 8 potions of curing
 A - 3 potions of agility
 D - a potion of ambrosia
 G - 3 potions of mutation
 U - a potion of resistance
 W - a potion of flight
Miscellaneous
 O - a lightning rod (4/4)
 V - a lamp of fire
Comestibles
 f - 16 bread rations
 g - 9 royal jellies
 k - 13 fruits
 z - 9 meat rations
 X - 6 chunks of flesh


   Skills:
 + Level 16.0 Fighting
 - Level 18.2 Axes
 * Level 14.3 Armour
 * Level 14.5 Shields


You had 14 spell levels left.
You didn't know any spells.

Dungeon Overview and Level Annotations

Branches:
Dungeon (12/15)            Temple (1/1) D:7            Lair (6/6) D:11
  Swamp (4/4) Lair:4        Snake (0/4) Lair:3        Slime (0/5) Lair:5
    Orc (0/2) D:12

Altars:
Ashenzari
Cheibriados
Dithmenos
Elyvilon
Fedhas
Gozag
Hepliaklqana
Kikubaaqudgha
Makhleb
Nemelex Xobeh
Okawaru
Qazlal
Ru
Sif Muna
Trog
Uskayaw
Vehumet
Xom
Yredelemnul
Zin
The Shining One
Jiyva

Shops:
D:10 *   D:12 !

Annotations:
Lair:3 exclusion: ice statue
Lair:6 exclusion: oklob plant


Innate Abilities, Weirdness & Mutations

You are agile. (Dex +2)
Your body sometimes deteriorates upon taking damage.


Message History

The seven-headed hydra closely misses you.
You block the seven-headed hydra's attack.
The seven-headed hydra barely misses you.
The seven-headed hydra bites you but does no damage. x2
The thorn hunter fires a volley of thorns at you.
The volley of thorns hits you!
* * * LOW HITPOINT WARNING * * *
You are very lightly contaminated with residual magic.
A swamp dragon comes into view.
As you read the scroll of teleportation, it crumbles to dust.
You feel strangely unstable.
The briar patch crumbles away. x2
You block the hornet's attack. You block the spriggan druid's attack.
The thorn hunter misses you. The thorn hunter hits you!
* * * LOW HITPOINT WARNING * * *
The swamp dragon moves out of view.
The seven-headed hydra bites you.
* * * LOW HITPOINT WARNING * * *
The seven-headed hydra bites you but does no damage. x2
You block the seven-headed hydra's attack.
The seven-headed hydra bites you.
You die...

.≈...≈≈ ≈.≈..≈.
♣≈P≈≈≈. ≈P.≈≈≈≈
♣♣♣.P.≈≈..♣ ≈ ≈
♣≈≈≈P.♣♣≈≈♣
≈≈..♣♣♣♣♣≈≈≈P..≈..♣♣♣♣
≈≈.DDyi@)D≈≈≈..≈≈≈≈≈≈♣
♣♣♣.≈ifyD≈.≈≈≈≈≈≈≈≈.≈♣
♣.≈≈≈≈≈§≈≈≈≈≈≈≈≈≈≈.♣♣
♣♣.≈≈≈...≈≈≈≈≈≈≈≈≈<≈♣
.≈.≈≈≈..♣≈.).≈≈≈≈..♣♣
.w♣≈≈≈≈.♣♣♣..♣.≈≈≈.♣♣
≈♣♣♣♣♣.≈.♣ ♣♣...≈≈≈♣♣
♣♣≈♣♣ ♣♣♣[≈≈≈♣♣ ≈.
♣.≈≈≈.♣


You could see a thorn hunter, a ten-headed hydra, a seven-headed hydra, 2 swamp
dragons, a spriggan druid, a swamp worm, a hornet, a vampire mosquito and a
spriggan.

Vanquished Creatures
  3 thorn hunters
  Snorg (Lair:6)
  8 hydras
  2 two-headed ogres
  6 alligators
  11 death yaks
  A fire crab (Lair:6)
  2 shambling mangroves (Swamp:3)
  2 unseen horrors
  4 swamp dragons
  4 ugly things
  3 black mambas
  30 spiny frogs
  A torpor snail (Lair:5)
  A centaur skeleton (D:11)
  5 kobold demonologists (D:12)
  A rime drake (Lair:3)
  5 komodo dragons
  A freezing wraith (Lair:3)
  3 polar bears
  7 hornets
  8 tyrant leeches
  8 slime creatures
  20 blink frogs
  14 hippogriffs
  6 bog bodies
  A meliai zombie (D:11)
  A shadow (D:12)
  6 spriggans
  Sigmund (D:2)
  42 yaks
  A vampire (D:12)
  3 basilisks
  17 vampire mosquitoes
  11 insubstantial wisps
  9 swamp worms
  A naga (Lair:3)
  An acid dragon (D:12)
  A soldier ant (D:12)
  12 water moccasins
  10 porcupines
  5 orc warriors
  6 swamp drakes
  A sky beast (D:5)
  10 ice beasts
  7 black bears
  A phantom (D:7)
  20 wolves
  3 centaurs
  5 ogres
  15 crocodiles
  4 big kobolds
  Blork the orc (D:5)
  22 bullfrogs
  A gnoll sergeant (D:9)
  5 scorpions
  An electric eel (Lair:6)
  9 wights
  3 howler monkeys
  4 quasits
  5 hounds
  8 jellies
  8 crimson imps
  3 orc priests
  6 orc wizards
  2 bullfrog skeletons
  Terence (D:2)
  Ijyb (D:4)
  5 iguanas
  7 hell rats (Lair:5)
  12 worker ants
  2 hound zombies
  A hound skeleton (D:5)
  9 gnolls
  2 howler monkey skeletons
  15 adders
  2 shadow imps (D:7)
  5 white imps (Lair:3)
  3 oozes
  3 adder skeletons
  5 worms
  A dart slug (D:2)
  8 leopard geckos
  25 orcs
  4 ball pythons
  5 giant cockroaches
  8 goblins
  14 hobgoblins
  9 jackals
  14 kobolds
  4 quokkas
  A ball python zombie (D:5)
  8 bats
  5 frilled lizards
  A jackal skeleton (D:4)
  12 rats
  4 briar patches (Swamp:1)
  6 fungi
  11 plants
642 creatures vanquished.

Vanquished Creatures (others)
  2 centaurs
  2 gnolls (D:4)
  A ball python (D:4)
  A kobold (D:12)
  7 fungi
  42 plants
55 creatures vanquished.

Grand Total: 697 creatures vanquished

Notes
Turn   | Place    | Note
-------+----------+-------------------------------------------
     0 | D:1      | Kriby the Hill Orc Fighter began the quest for the Orb.
     0 | D:1      | Reached XP level 1. HP: 19/19 MP: 1/1
   115 | D:1      | Reached skill level 3 in Axes
   173 | D:1      | Reached XP level 2. HP: 15/27 MP: 2/2
   571 | D:1      | Reached skill level 4 in Axes
   729 | D:1      | Reached XP level 3. HP: 33/33 MP: 3/3
   938 | D:2      | Noticed Terence
   958 | D:2      | Killed Terence
   958 | D:2      | Reached skill level 5 in Axes
   958 | D:2      | Reached XP level 4. HP: 29/41 MP: 4/4
  1190 | D:2      | Noticed Sigmund
  1202 | D:2      | Killed Sigmund
  1202 | D:2      | Reached skill level 5 in Fighting
  1202 | D:2      | Reached skill level 6 in Axes
  1202 | D:2      | Reached XP level 5. HP: 37/48 MP: 5/5
  1202 | D:2      | Reached XP level 6. HP: 44/56 MP: 6/6
  1499 | D:2      | Reached skill level 7 in Axes
  1518 | D:2      | Identified a +0 pair of boots of running (You found it on level 2 of the Dungeon)
  2696 | D:3      | Found a sparkling altar of Nemelex Xobeh.
  2915 | D:3      | Reached skill level 8 in Axes
  2915 | D:3      | Reached XP level 7. HP: 58/63 MP: 7/7
  3289 | D:4      | Found a radiant altar of Vehumet.
  3410 | D:4      | Noticed Ijyb
  3422 | D:4      | Killed Ijyb
  3645 | D:4      | Reached skill level 9 in Axes
  4091 | D:5      | Entered Level 5 of the Dungeon
  4821 | D:5      | Gained mutation: You possess an exceptional clarity of mind. [mutagenic meat]
  4988 | D:5      | Found a shattered altar of Ashenzari.
  5016 | D:5      | Reached skill level 10 in Axes
  5016 | D:5      | Reached XP level 8. HP: 13/73 MP: 8/8
  5562 | D:5      | Noticed Blork the orc
  5573 | D:5      | Killed Blork the orc
  5899 | D:5      | Reached skill level 11 in Axes
  6459 | D:6      | Reached XP level 9. HP: 75/82 MP: 9/9
  6462 | D:6      | Reached skill level 12 in Axes
  6834 | D:6      | Found a glowing silver altar of Zin.
  6834 | D:6      | Found a hide-covered altar of Uskayaw.
  7080 | D:7      | Found a staircase to the Ecumenical Temple.
  7101 | Temple   | Entered the Ecumenical Temple
  7332 | Temple   | Became a worshipper of Warmaster Okawaru
  7451 | D:7      | Reached skill level 13 in Axes
  7583 | D:7      | Reached * piety under Okawaru
  8103 | D:7      | Reached skill level 14 in Axes
  8203 | D:8      | Reached skill level 10 in Fighting
  8211 | D:8      | Reached XP level 10. HP: 83/93 MP: 10/10
  8686 | D:8      | Found a white marble altar of Elyvilon.
  9015 | D:9      | Reached ** piety under Okawaru
  9055 | D:9      | Noticed a two-headed ogre
  9065 | D:9      | Killed a two-headed ogre
  9065 | D:9      | Reached skill level 15 in Axes
  9532 | D:9      | Found a viscous altar of Jiyva.
  9555 | D:9      | Reached *** piety under Okawaru
  9763 | D:9      | Reached skill level 16 in Axes
  9794 | D:9      | Reached **** piety under Okawaru
  9840 | D:9      | Found a shadowy altar of Dithmenos.
  9939 | D:10     | Entered Level 10 of the Dungeon
  9954 | D:10     | Noticed a two-headed ogre
  9960 | D:10     | Killed a two-headed ogre
  9960 | D:10     | Reached XP level 11. HP: 69/104 MP: 11/11
 10114 | D:10     | Found Largheif's Assorted Antiques.
 10127 | D:10     | Bought a clouded golden amulet for 145 gold pieces
 10127 | D:10     | Bought a knobbly peridot ring for 145 gold pieces
 10127 | D:10     | Identified the amulet of Moral Flaws {+Rage rF+} (You bought it in a shop on level 10 of the Dungeon)
 10478 | D:10     | Killed an unseen horror
 10909 | D:11     | Reached ***** piety under Okawaru
 10909 | D:11     | Reached skill level 17 in Axes
 11047 | D:11     | Noticed a brown ugly thing
 11064 | D:11     | Killed a brown ugly thing
 11236 | D:11     | Found a staircase to the Lair.
 11518 | D:11     | Noticed a green ugly thing
 11536 | D:11     | Killed a green ugly thing
 11839 | D:11     | Killed an unseen horror
 11839 | D:11     | Reached skill level 18 in Axes
 11958 | D:11     | Noticed a green ugly thing
 11964 | D:11     | Killed a green ugly thing
 12158 | D:11     | Received a gift from Okawaru
 12442 | D:12     | Reached XP level 12. HP: 88/115 MP: 12/12
 12668 | D:12     | Found a staircase to the Orcish Mines.
 12676 | D:12     | Received a gift from Okawaru
 12710 | D:12     | Got a fine scarf {god gift}
 12711 | D:12     | Identified the scarf "Zauffap" {rPois rF- Str+3 Stlth+} (Okawaru gifted it to you on level 12 of the Dungeon)
 12758 | D:12     | Reached skill level 5 in Shields
 12782 | D:12     | Reached skill level 5 in Armour
 12909 | D:12     | Found Ririsepp's Distillery.
 12917 | D:12     | Bought a potion of might for 64 gold pieces
 12917 | D:12     | Bought 2 potions of curing for 96 gold pieces
 12917 | D:12     | Bought a potion of curing for 48 gold pieces
 12917 | D:12     | Bought a potion of curing for 48 gold pieces
 12917 | D:12     | Bought a potion of resistance for 160 gold pieces
 13658 | Lair:1   | Entered Level 1 of the Lair of Beasts
 14043 | Lair:1   | Noticed a five-headed hydra
 14052 | Lair:1   | Killed a five-headed hydra
 15584 | Lair:2   | You fall through a shaft for 2 floors!
 15686 | Lair:4   | Noticed a death yak
 15687 | Lair:4   | Noticed a death yak
 15688 | Lair:4   | Noticed a death yak
 15692 | Lair:4   | Noticed a death yak
 15692 | Lair:4   | Noticed a death yak
 15698 | Lair:4   | Killed a death yak
 15698 | Lair:4   | Reached XP level 13. HP: 96/123 MP: 7/13
 15702 | Lair:4   | Received a gift from Okawaru
 15962 | Lair:4   | Found a staircase to the Swamp.
 16829 | Lair:3   | Reached skill level 10 in Shields
 17132 | Lair:3   | Found a staircase to the Snake Pit.
 18394 | Lair:2   | Reached skill level 10 in Armour
 18758 | Lair:5   | Received a gift from Okawaru
 19678 | Lair:5   | Found a viscous altar of Jiyva.
 19679 | Lair:5   | Found a staircase to the Slime Pits.
 20034 | Lair:6   | Entered Level 6 of the Lair of Beasts
 20039 | Lair:6   | Noticed Snorg
 20056 | Lair:6   | Killed Snorg
 20056 | Lair:6   | Reached XP level 14. HP: 50/133 MP: 12/14
 21012 | Lair:6   | Reached skill level 15 in Fighting
 21778 | Lair:6   | Reached ****** piety under Okawaru
 22289 | Lair:6   | Received a gift from Okawaru
 22295 | Lair:6   | Got a distressingly furry animal skin {god gift}
 22296 | Lair:6   | Identified the +1 animal skin of Kleptomania {MP+9} (Okawaru gifted it to you on level 6 of the Lair of Beasts)
 22766 | Swamp:1  | Entered Level 1 of the Swamp
 22766 | Swamp:1  | Noticed a thorn hunter
 23056 | Swamp:1  | Killed a thorn hunter
 23467 | Swamp:1  | Reached XP level 15. HP: 132/141 MP: 13/15
 24347 | Swamp:2  | Identified Uroquoki's Grimoire of the Ghastly Rocks
 24894 | Swamp:2  | Noticed a thorn hunter
 24914 | Swamp:2  | Killed a thorn hunter
 25097 | Swamp:2  | Noticed a thorn hunter
 25111 | Swamp:2  | Killed a thorn hunter
 25111 | Swamp:2  | Received a gift from Okawaru
 26581 | Swamp:4  | Entered Level 4 of the Swamp
 26690 | Swamp:4  | Noticed a thorn hunter
 26703 | Swamp:4  | Lost mutation: You possess an exceptional clarity of mind. [potion of mutation]
 26703 | Swamp:4  | Gained mutation: Your body sometimes deteriorates upon taking damage. [potion of mutation]
 26703 | Swamp:4  | Gained mutation: You are agile. (Dex +2) [potion of mutation]
 26707 | Swamp:4  | HP: 5/144 [seven-headed hydra[a spriggan druid] (6)]
 26707 | Swamp:4  | Slain by a seven-headed hydra

Skill      XL: |  1  2  3  4  5  6  7  8  9 10 11 12 13 14 15 |
---------------+----------------------------------------------+-----
Axes           | 3 4 5 6 8 10 11 14 16 18 | 18.2
Fighting       | 4 5 6 7 8 10 11 13 14 15 16 | 16.0
Armour         | 4 8 10 12 14 | 14.3
Shields        | 4 8 11 13 14 | 14.5

Action                   |  1- 3 |  4- 6 |  7- 9 | 10-12 | 13-15 || total
-------------------------+-------+-------+-------+-------+-------++-------
Melee: War axe           |   104 |     9 |   207 |       |       ||   320
       Hand axe          |       |   135 |   180 |       |       ||   315
       Broad axe         |       |       |    17 |   625 |  1065 ||  1707
       Morningstar       |       |       |       |       |    29 ||    29
Invok: Heroism           |       |       |       |     1 |     7 ||     8
       Finesse           |       |       |       |     1 |     1 ||     2
Evoke: Lightning rod     |       |       |       |     4 |       ||     4
       Wand              |       |       |       |     1 |     8 ||     9
  Use: Potion            |       |     4 |     1 |     7 |     7 ||    19
       Scroll            |       |     6 |     6 |     9 |    16 ||    37
  Eat: Chunk             |       |     6 |    18 |    22 |    17 ||    63
       Fruit             |       |       |       |       |     1 ||     1
       Bread ration      |       |       |       |       |     4 ||     4
Armor: Scale mail        |    45 |    65 |    13 |       |       ||   123
       Chain mail        |       |       |   105 |       |   194 ||   299
       Plate armour      |       |       |     3 |   297 |     6 ||   306
       Skin              |       |       |       |    22 |       ||    22
       Troll leather arm |       |       |       |       |   180 ||   180
Dodge: Dodged            |    39 |    37 |    63 |    53 |   292 ||   484
Block: Shield            |    45 |    72 |   175 |   396 |   826 ||  1514
       Reflection        |       |       |     6 |     6 |     6 ||    18
